 Dungeon Crawl Stone Soup version 0.18-a0-1160-geb89fc2 (console) character file.

6 GhEn the Sneak (level 1, -1/14 HPs)
             Began as a Ghoul Enchanter on Jan 24, 2016.
             Slain by a giant gecko (3 damage)
             ... on level 1 of the Dungeon.
             The game lasted 00:01:17 (353 turns).

GhEn the Sneak (Ghoul Enchanter)                     Turns: 353, Time: 00:01:18

Health: -1/14      AC:  3    Str: 11    XL:     1   Next: 90%
Magic:  2/2        EV: 12    Int: 10    God:
Gold:   4          SH:  0    Dex:  9    Spells: 1 memorised, 2 levels left

rFire  . . .     SeeInvis .       - Unarmed
rCold  + . .     Gourm    .     b - +1 robe
rNeg   + + +     Faith    .     (no shield)
rPois  ∞         Spirit   .     (no helmet)
rElec  .         Dismiss  .     (no cloak)
rCorr  .         Reflect  .     (no gloves)
SustAt .         Harm     .     (no boots)
MR     .....                    (no amulet)
Stlth  ++........               (no ring)
                                (no ring)

@: rotting, not resistant to hostile enchantments, unstealthy
A: rotting body, claws 1, carnivore 3, cold resistance 1, negative energy
resistance 3, slow regeneration 1, torment resistance, unbreathing
a: no special abilities


You were on level 1 of the Dungeon.
You were not hungry.

You visited 1 branch of the dungeon, and saw 1 of its levels.

You collected 4 gold pieces.

Inventory:

Hand Weapons
 a - a +1 dagger
Armour
 b - a +1 robe (worn)
Scrolls
 e - a scroll of noise {unknown}
Books
 c - a book of Maledictions
Comestibles
 d - a meat ration


   Skills:
 - Level 0.8 Short Blades
 - Level 1.7 Dodging
 - Level 3.2 Stealth
 + Level 1.5 Unarmed Combat
 - Level 1.7 Spellcasting
 - Level 2.4 Hexes


You had 2 spell levels left.
You knew the following spells:

 Your Spells              Type           Power        Failure   Level  Hunger
a - Corona                Hex            #......      14%         1    ##.....


Innate Abilities, Weirdness & Mutations

Your body is rotting away.
You thrive on raw meat.
You are immune to poison.
You have sharp fingernails.
You are carnivorous and can eat meat at any time.
Your flesh is cold resistant.
You are immune to negative energy.
You regenerate slowly when monsters are visible.
You are immune to unholy pain and torment.
You can survive without breathing.

Dungeon Overview and Level Annotations

Branches:
Dungeon (1/15)

Altars:

#.## ##.#.# #.# #..#.# ###
########.#######.##.## #..
.........#........)..# #.#
###.######.#####.##..# ##.##
#.# #.# #.##........
#.######.#####.##.#####.#
#............#.##.#####.##.##.
########.###.#@l..............#
#......###.#####..#.####
#####.............# #
##.###.......... #.#
########.... #.# ...... #.#
...... #.# ...... #.#


You could see a giant gecko.


Message History

HP restored.
A giant gecko comes into view.
A giant gecko is nearby!
A giant gecko is nearby!
A kobold comes into view. It is wielding a dagger.
The helpless kobold fails to defend itself.
You scratch the kobold.
The kobold is moderately wounded.
The kobold misses you.
You closely miss the kobold.
The kobold is moderately wounded.
The giant gecko bites you. The kobold hits you with a dagger.
You take 4 damage.
You scratch the kobold.
The kobold is severely wounded.
The giant gecko bites you but does no damage.
The kobold hits you with a dagger.
* * * LOW HITPOINT WARNING * * *
You take 4 damage.
You are too injured to fight recklessly!
The giant gecko barely misses you.
You barely miss the giant gecko. The kobold completely misses you.
The giant gecko bites you but does no damage.
You scratch the kobold but do no damage.
The kobold is severely wounded.
The kobold misses you.
You scratch the kobold but do no damage.
The kobold is severely wounded.
The kobold closely misses you.
You closely miss the kobold.
The kobold is severely wounded.
The kobold barely misses you.
You barely miss the kobold.
The kobold is severely wounded.
The kobold barely misses you.
You barely miss the kobold.
The kobold is severely wounded.
The kobold closely misses you.
You scratch the kobold.
You kill the kobold!
You closely miss the giant gecko. The giant gecko bites you.
* * * LOW HITPOINT WARNING * * *
You take 3 damage.
You closely miss the giant gecko. The giant gecko barely misses you.
You barely miss the giant gecko. The giant gecko bites you.
* * * LOW HITPOINT WARNING * * *
You take 1 damage.
You aren't carrying any potions.
You barely miss the giant gecko. The giant gecko bites you.
You die...

Notes
Turn   | Place    | Note
--------------------------------------------------------------
     0 | D:1      | GhEn the Ghoul Enchanter began the quest for the Orb.
     0 | D:1      | Reached XP level 1. HP: 14/14 MP: 2/2
    92 | D:1      | Reached skill level 1 in Unarmed Combat
   353 | D:1      | Slain by a giant gecko

Vanquished Creatures
  A giant gecko (D:1)
  A bat (D:1)
  A giant newt (D:1)
  A goblin (D:1)
  2 kobolds (D:1)
  A rat (D:1)
7 creatures vanquished.

Action                   || total
-------------------------++-------
Melee: Unarmed           ||    20
       Dagger            ||    18
 Stab: Sleeping          ||     1
  Eat: Chunk             ||     2

Vault maps used:
D:1:      lightli_arrival_flooded_house, corner_web_ring
